Map: Radhuset Station LE

Players

SubN - Winner!

  • Race: Zerg Zerg
  • League: Diamond
  • Spawn Location: 1:00

Josh

  • Race: Zerg Zerg
  • League: Platinum
  • Spawn Location: 7:00

VOD

Have the link to the VOD?

Description

Time

  • Played on: Dec. 25, 2023, 2:52 a.m.
  • Length: 9:41
Show
View Real Time Build Order
Export as new Build Order

SubN Zerg - Winner!

Build Orders: Pool First 

Get SALT Encoding   

  12  0:00  Drone  
  13  0:12  Overlord  
  13  0:18  Drone  
  14  0:30  Drone x2  
  14  0:33  Drone  
  17  0:39  Extractor  
  16  0:44  Drone  
  17  0:52  Spawning Pool  
  17  0:55  Drone  
  17  1:06  Drone  
  18  1:21  Hatchery  
  18  1:24  Drone  
  18  1:28  Drone  
  19  1:39  Queen  
  19  1:46  Overlord  
  21  1:52  Metabolic Boost  
  21  1:59  Overlord  
  21  2:07  Zergling x2  
  22  2:11  Zergling x2  
  23  2:22  Zergling x2  
  24  2:29  Queen  
  26  2:33  Queen  
  28  2:42  Drone x2  
  30  2:47  Overlord  
  30  2:48  Overlord  
  30  3:07  Drone x4  
  33  3:16  Drone x3  
  34  3:27  Queen  
  36  3:34  Zergling x2  
  36  3:35  Zergling x4  
  39  3:42  Drone x2  
  41  3:50  Lair  
  41  3:52  Drone x2  
  43  3:58  Evolution Chamber  
  43  3:59  Evolution Chamber  
  43  4:01  Overlord  
  43  4:02  Roach Warren  
  40  4:04  Overlord  
  40  4:09  Drone x2  
  42  4:20  Drone x3  
  42  4:22  Drone x2  
  47  4:27  Extractor  
  47  4:30  Drone x2  
  48  4:36  Zerg Missile Weapons Level 1  
  48  4:44  Drone  
  49  4:46  Drone x2  
  49  4:47  Drone  
  49  4:51  Glial Reconstitution  
  52  4:58  Hatchery  
  52  4:59  Drone x5  
  56  5:06  Extractor  
  55  5:08  Extractor  
  55  5:13  Drone  
  55  5:14  Drone  
  56  5:18  Pneumatized Carapace  
  56  5:37  Spore Crawler  
  55  5:44  Overseer  
  55  5:46  Overlord  
  55  5:50  Zerg Ground Armor Level 1  
  55  5:51  Overlord  
  55  5:54  Zergling x2  
  56  6:09  Roach  
  58  6:12  Drone x11  
  58  6:13  Queen  
  71  6:30  Overseer  
  70  6:34  Overlord  
  70  6:42  Drone x7  
  70  6:46  Extractor  
  76  6:47  Extractor  
  75  6:58  Roach  
  75  6:59  Roach x7  
  91  7:09  Zerg Missile Weapons Level 2  
  91  7:12  Drone  
  91  7:13  Drone x2  
  91  7:14  Drone x3  
  97  7:15  Overlord  
  97  7:16  Overlord x4  
  97  7:31  Overlord x3  
  97  7:36  Ravager  
  97  7:37  Ravager x4  
  99  7:39  Ravager  
  99  7:40  Ravager x2  
  99  7:41  Roach x3  
  99  7:42  Roach x3  
  117  7:53  Roach  
  117  7:54  Roach x6  
  117  7:55  Overseer  
  117  7:58  Overseer  
  131  8:01  Roach x3  
  136  8:13  Roach  
  136  8:14  Roach x4  
  146  8:26  Roach x3  
  151  8:36  Roach  
  151  8:38  Overlord x5  
  151  8:39  Overlord  
  150  9:05  Roach  
  150  9:06  Roach x11  
Show
View Real Time Build Order
Export as new Build Order

Josh Zerg 

Build Orders: Hatch First 

Get SALT Encoding   

  12  0:00  Drone  
  13  0:13  Drone  
  14  0:17  Overlord  
  14  0:25  Extractor  
  14  0:26  Drone  
  15  0:36  Drone  
  16  0:52  Hatchery  
  15  1:05  Spawning Pool  
  15  1:08  Extractor  
  15  1:10  Drone  
  14  1:18  Drone  
  15  1:19  Drone  
  17  1:32  Drone x2  
  18  1:42  Drone  
  19  1:52  Queen  
  21  1:54  Zergling x2  
  22  2:06  Zergling x2  
  22  2:07  Drone  
  24  2:08  Queen  
  24  2:14  Overlord  
  26  2:26  Drone x2  
  28  2:32  Lair  
  28  2:46  Queen  
  30  2:58  Drone  
  30  2:59  Drone x3  
  30  3:00  Overlord  
  30  3:02  Overlord  
  34  3:13  Drone  
  33  3:31  Pneumatized Carapace  
  33  3:33  Queen  
  35  3:35  Zergling x6  
  35  3:38  Hydralisk Den  
  37  3:42  Drone  
  37  3:43  Drone x2  
  37  3:44  Extractor  
  39  3:53  Drone  
  40  3:57  Evolution Chamber  
  40  4:01  Evolution Chamber  
  38  4:04  Spine Crawler  
  37  4:12  Drone x3  
  37  4:13  Drone x2  
  37  4:17  Overlord  
  42  4:27  Zerg Missile Weapons Level 1  
  42  4:28  Drone  
  42  4:29  Drone  
  42  4:31  Overlord  
  44  4:32  Extractor  
  43  4:43  Grooved Spines  
  43  4:48  Extractor  
  43  4:51  Drone x3  
  43  4:52  Drone x4  
  49  4:54  Drone  
  49  4:55  Drone  
  51  5:05  Drone  
  52  5:08  Lurker Den  
  51  5:24  Hatchery  
  50  5:38  Overlord x2  
  50  5:39  Overlord  
  50  5:46  Drone x2  
  50  5:49  Overlord  
  52  5:59  Hatchery  
  52  6:00  Drone x3  
  52  6:01  Hydralisk x2  
  52  6:02  Hydralisk  
  60  6:04  Zerg Ground Armor Level 1  
  60  6:08  Metabolic Boost  
  60  6:13  Drone x2  
  62  6:21  Zerg Melee Weapons Level 1  
  62  6:25  Infestation Pit  
  61  6:44  Drone  
  61  6:45  Drone x3  
  65  6:49  Hydralisk x2  
  65  6:50  Hydralisk x3  
  65  6:51  Zergling x6  
  65  6:53  Overlord  
  65  6:54  Overlord  
  78  7:07  Hydralisk  
  78  7:08  Hydralisk  
  82  7:09  Hatchery  
  81  7:24  Drone x2  
  81  7:25  Drone x7  
  81  7:27  Extractor  
  81  7:28  Extractor  
  88  7:46  Drone x3  
  88  7:47  Drone x2  
  88  7:48  Drone x2  
  88  7:49  Drone x2  
  97  8:02  Hydralisk x3  
  97  8:04  Drone, Overlord x5  
  96  8:14  Zergling x10  
  96  8:15  Zergling x4  
  96  8:19  Muscular Augments  
  95  8:28  Zergling x10  
  96  8:37  Hydralisk  
  96  8:38  Hydralisk x6, Zergling x2  
  92  8:48  Zergling x2  
  92  8:49  Zergling x12  
  90  9:01  Hydralisk  
  90  9:02  Zergling x6, Hydralisk x3  
Tags
 
Add a new tag
Caveats
  • Supply blocks, unpowered buildings, or Contaminate may cause inaccurate times.
  • Supply counts are checked every 10 seconds.